AoeStats
← Larsonz1

Arabia

510523434Analyzed
1v1 RM · 2d ago on Oct 1, 2026· 31m 26s· 2 players
Game mode
Random Map
Map size
Tiny (2 player)
Population
200
Speed
Normal
Resources
Standard
Victory
Conquest
Starting age
Dark Age
Ending age
Imperial Age
RankedLock teamsTeams togetherTeam positionsShared explorationLock speedFull tech treeHidden civsTurbo modeCheats
Victory
Defeat
🇨🇱 Byzantines · Chile
995
+14
🇬🇧 Franks · United Kingdom
955
-41
Larsonz1
10:14 Feudal Age
11:32 Double-Bit Axe
24:58 Loom
32:50 Castle Age
Tomax xd
2:06 Loom
3:32 Loom
11:44 Feudal Age
12:20 Man-at-Arms
13:02 Double-Bit Axe
17:23 Wheelbarrow
18:30 Scale Mail Armor
27:58 Castle Age
26:01 Horse Collar
29:12 Heavy Plow
29:18 Gold Mining
31:06 Long Swordsman
Connection lost

Rejoining the realm…

Still unreachable

The connection could not be restored.

Session expired

The server has moved on; the page needs a fresh start.